 Dungeon Crawl Stone Soup version 0.21.1-1-g345015f (webtiles) character file.

625 letownia2 the Spear-Bearer (level 7, -1/50 HPs)
             Began as a Merfolk Skald on Mar 13, 2018.
             Was an Initiate of Cheibriados.
             Killed by nerve-wracking pain
             ... invoked by a shadow imp
              (9 damage)
             ... on level 5 of the Dungeon.
             The game lasted 00:16:37 (2464 turns).

letownia2 the Spear-Bearer (Merfolk Skald)          Turns: 2464, Time: 00:16:38

Health: -1/50      AC:  8    Str: 16    XL:     7   Next: 47%
Magic:  5/10       EV: 12    Int: 15    God:    Cheibriados [......]
Gold:   186        SH:  0    Dex: 14    Spells: 1/10 levels left

rFire    + . .     SeeInvis .   a - +0 trident
rCold    . . .     Gourm    .   (no shield)
rNeg     . . .     Faith    +   m - +1 leather armour {rPois}
rPois    +         Spirit   .   F - +2 helmet
rElec    .         Reflect  .   E - +0 cloak
rCorr    .         Harm     .   (no gloves)
MR       .....                  (no boots)
Stlth    +.........             l - amulet of faith
HPRegen  0.16/turn              f - +3 ring of strength
MPRegen  0.12/turn              x - ring of protection from fire

@: very slow
A: change form in water, swift swim, stealthy swim
a: Bend Time, Renounce Religion


You were on level 5 of the Dungeon.
You worshipped Cheibriados.
Cheibriados was noncommittal.
You were not hungry.

You visited 2 branches of the dungeon, and saw 7 of its levels.

You collected 186 gold pieces.

Inventory:

Hand Weapons
 a - a +0 trident (weapon)
 b - a +0 spear
 h - a +1 mace of venom
 i - a +0 hunting sling of flaming
Armour
 m - a +1 leather armour of poison resistance (worn)
 q - a +0 ring mail
 v - a +0 chain mail
 E - a +0 cloak (worn)
 F - a +2 helmet (worn)
Jewellery
 f - a +3 ring of strength (left hand)
 j - an uncursed ring of resist corrosion
 l - an amulet of faith (around neck)
 x - a ring of protection from fire (right hand)
Wands
 y - a wand of digging (8)
 B - a wand of random effects (24)
Scrolls
 g - 2 scrolls of teleportation
 r - a scroll of enchant weapon {unknown}
 t - a scroll of enchant armour {unknown}
 w - a scroll of remove curse
 G - 2 scrolls of random uselessness {unknown}
Potions
 e - a potion of degeneration {unknown}
 k - a potion of mutation {unknown}
 n - a potion of heal wounds {unknown}
 p - a potion of curing
 u - a potion of magic
 z - a potion of might
 A - a potion of invisibility
 C - a potion of ambrosia
Books
 c - a book of Battle

   Spells                             Type                      Level
   a - Infusion                       Charms                       1
   b - Shroud of Golubria             Charms/Translocation         2
   c - Song of Slaying                Charms                       2
   d - Spectral Weapon                Hexes/Charms                 3
   e - Regeneration                   Charms/Necromancy            3
 s - a book of Misfortune

   Spells                             Type                      Level
   a - Confusing Touch                Hexes                        1
   b - Confuse                        Hexes                        3
   c - Gell's Gravitas                Translocation                3
   d - Petrify                        Transmutation/Earth          4
   e - Metabolic Englaciation         Hexes/Ice                    5
   f - Yara's Violent Unravelling     Hexes/Transmutation          5
Comestibles
 d - 9 rations
 o - 2 chunks of flesh


   Skills:
 - Level 2.1 Fighting
 + Level 9.3 Polearms
 - Level 0.6 Armour
 - Level 2.6 Dodging
 - Level 2.0 Spellcasting
 - Level 1.1 Hexes
 + Level 4.8 Charms
 - Level 1.6 Necromancy
 - Level 1.5 Translocations


You had one spell level left.
You knew the following spells:

 Your Spells              Type           Power        Failure   Level  Hunger
a - Infusion              Chrm           ###.         3%          1    #......
g - Regeneration          Chrm/Necr      ##........   22%         3    ###....
t - Shroud of Golubria    Chrm/Tloc      ##........   11%         2    ###....
x - Spectral Weapon       Hex/Chrm       ##......     24%         3    ###....


Dungeon Overview and Level Annotations

Branches:
Dungeon (6/15)             Temple (1/1) D:4

Altars:
Cheibriados
Dithmenos
Fedhas
Gozag
Kikubaaqudgha
Makhleb
Nemelex Xobeh
Qazlal
Ru
Sif Muna
Wu Jian
Yredelemnul
Zin

Annotations:
D:6 kaesh's ghost, novice TrMo


Message History

There is an open door here.
A shadow imp comes into view.
The shadow imp shouts, "Embrace thy dedition, thou worthless tardy-gaited prigger-of-prances!"
The shadow imp gestures at you. Pain shoots through your body!
* * * LOW HITPOINT WARNING * * *
The shadow imp puffs mist at you.
Attack whom?
Press: ? - help, Dir - move target cursor, f - shadow imp
Aim: a shadow imp You reach to attack!
You hit the shadow imp.
The shadow imp is moderately wounded.
Attack whom?
Press: ? - help, Dir - move target cursor, f/p - shadow imp
Aim: a shadow imp (moderately wounded)
You reach to attack!
You barely miss the shadow imp.
The shadow imp is moderately wounded.
The shadow imp gestures at you. Pain shoots through your body!
You die...

#........#
#>.......####
######........##..
#.............##.#
#.#########'####.#
#.# #.# #.# #.#
#.####.# #.#
#....... #@# ###
#... #.# #... #5#
#... ... #... ...
#... .....
#####... .⌠.⌠.
#....... .......
#....... #.......


You could see a shadow imp.

Vanquished Creatures
  A sky beast (D:5)
  A centaur (D:5)
  A bullfrog (D:5)
  A crimson imp (D:5)
  2 orc wizards
  A bullfrog skeleton (D:4)
  The ghost of inc the Ducker, a weakling FeTm (D:3)
  Ijyb (D:3)
  An iguana (D:4)
  A hound skeleton (D:4)
  7 adders
  A shadow imp (D:5)
  An adder skeleton (D:5)
  2 worms (D:2)
  3 dart slugs
  A leopard gecko (D:3)
  19 orcs
  A ball python (D:3)
  2 giant cockroaches
  5 goblins
  4 hobgoblins
  11 jackals
  A quokka (D:5)
  5 bats
  2 frilled lizards
  9 kobolds
  2 rats (D:1)
87 creatures vanquished.

Notes
Turn   | Place    | Note
-------+----------+-------------------------------------------
     0 | D:1      | letownia2 the Merfolk Skald began the quest for the Orb.
     0 | D:1      | Reached XP level 1. HP: 16/16 MP: 3/3
   137 | D:3      | Noticed an orc wizard
   140 | D:3      | Reached skill level 4 in Polearms
   140 | D:3      | Reached XP level 2. HP: 22/22 MP: 1/5
   151 | D:2      | Learned a level 2 spell: Shroud of Golubria
   155 | D:2      | Found a basalt altar of Yredelemnul.
   223 | D:2      | Reached skill level 1 in Translocations
   231 | D:2      | Reached XP level 3. HP: 7/27 MP: 1/6
   232 | D:2      | Found a shadowy altar of Dithmenos.
   257 | D:2      | Learned a level 3 spell: Spectral Weapon
   301 | D:3      | Noticed Ijyb
   317 | D:2      | HP: 1/27 [goblin (3)]
   477 | D:2      | Reached skill level 1 in Hexes
   616 | D:2      | Reached XP level 4. HP: 30/33 MP: 5/7
   922 | D:2      | Reached skill level 5 in Polearms
   941 | D:3      | Reached XP level 5. HP: 34/38 MP: 6/8
  1103 | D:4      | Reached skill level 6 in Polearms
  1157 | D:4      | Reached skill level 7 in Polearms
  1243 | D:5      | Entered Level 5 of the Dungeon
  1299 | D:3      | Noticed inc's ghost (weakling FeTm)
  1311 | D:3      | Killed inc's ghost
  1311 | D:3      | Reached XP level 6. HP: 22/44 MP: 1/9
  1652 | D:3      | Killed Ijyb
  1742 | D:3      | Reached skill level 8 in Polearms
  1860 | D:4      | Found a staircase to the Ecumenical Temple.
  1868 | Temple   | Entered the Ecumenical Temple
  1886 | Temple   | Became a worshipper of Cheibriados the Contemplative
  1903 | Temple   | Learned a level 3 spell: Regeneration
  2010 | D:5      | Noticed a sky beast
  2094 | D:5      | Reached skill level 1 in Necromancy
  2186 | D:6      | Noticed kaesh's ghost (novice TrMo)
  2205 | D:5      | Reached XP level 7. HP: 4/50 MP: 2/10
  2237 | D:5      | Found a glowing silver altar of Zin.
  2237 | D:5      | Found an ornate altar of the Wu Jian Council.
  2238 | D:5      | Found an ancient bone altar of Kikubaaqudgha.
  2352 | D:5      | Reached skill level 9 in Polearms
  2464 | D:5      | Killed from afar by a shadow imp

Skill      XL: |  1  2  3  4  5  6  7 |
---------------+----------------------+-----
Polearms       | 4 5 7 8 9 |  9.3
Translocations | 1 |  1.5
Hexes          | 1 |  1.1
Charms         | 4 |  4.8
Necromancy     | 1 |  1.6
Fighting       | |  2.1
Armour         | |  0.6
Dodging        | |  2.6
Spellcasting   | |  2.0

Action                   |  1- 3 |  4- 6 |  7- 9 || total
-------------------------+-------+-------+-------++-------
Melee: Spear             |    88 |    34 |       ||   122
       Trident           |       |   187 |    23 ||   210
 Cast: Infusion          |     5 |     1 |       ||     6
       Shroud of Golubri |     7 |    30 |     4 ||    41
       Spectral Weapon   |       |     6 |     3 ||     9
       Regeneration      |       |       |     2 ||     2
Evoke: Wand              |       |     3 |     1 ||     4
  Use: Scroll            |       |     6 |       ||     6
       Potion            |       |     1 |       ||     1
  Eat: Chunk             |       |     9 |     3 ||    12
Armor: Leather armour    |     8 |    59 |     7 ||    74
Dodge: Dodged            |    41 |   133 |     6 ||   180
